 Dungeon Crawl Stone Soup version 0.31-a0-236-g9a0961fb85 (webtiles) character file.

Game seed: 3363211648389418115

72 gruber the Cudgeller (level 4, -1/39 HPs)
             Began as a Minotaur Fighter on July 10, 2023.
             Slain by a sleepcap (4 damage)
             ... on level 3 of the Dungeon.
             The game lasted 00:01:06 (1773 turns).

gruber the Cudgeller (Minotaur Fighter)             Turns: 1773, Time: 00:01:06

Health: -1/39      AC:  6    Str: 23    XL:     4   Next: 6%
Magic:  3/3        EV:  9    Int:  5    God:
Gold:   84         SH:  5    Dex: 15    Spells: 3/3 levels left

rFire   . . .        a - +0 flail
rCold   . . .        c - +0 buckler
rNeg    . . .        b - +0 scale mail
rPois   .            (helmet restricted)
rElec   .            (no cloak)
rCorr   .            (no gloves)
SInv    .            (no boots)
Will    .....        (no amulet) Stlth
                     e - +6 ring of dexterity
HPRegen 0.26/turn    (no ring)
MPRegen 0.08/turn

%: no passive effects
@: no status effects
A: horns 2, retaliatory headbutt
a: no special abilities


You were on level 3 of the Dungeon.
You visited 1 branch of the dungeon, and saw 4 of its levels.

You collected 84 gold pieces.

Inventory:

Hand Weapons
 a - a +0 flail (weapon)
Armour
 b - a +0 scale mail (worn)
 c - a +0 buckler (worn)
Jewellery
 e - a +6 ring of dexterity (left hand)
Scrolls
 f - 2 scrolls of fear {unknown}
 i - a scroll of identify {unknown}
Potions
 d - a potion of might
 g - 2 potions of curing {unknown}
 h - a potion of lignification {unknown}


   Skills:
 - Level 3.6 Fighting
 + Level 5.3 Maces & Flails
 - Level 3.6 Armour
 - Level 3.6 Shields


You had 3 spell levels left.
You didn't know any spells.
Your spell library contained the following spells:

 Spells                   Type           Power      Damage    Failure   Level
 Beastly Appendage        Tmut           0%         N/A       85%         1
 Summon Small Mammal      Summ           0%         N/A       85%         1
 Lesser Beckoning         Tloc           0%         N/A       94%         2
 Wereblood                Tmut           0%         N/A       94%         2
 Call Canine Familiar     Summ           0%         N/A       99%         3
 Gell's Gravitas          Tloc           0%         N/A       99%         3
 Spider Form              Tmut/Pois      0%         N/A       99%         3
 Summon Guardian Golem    Hex/Summ       0%         N/A       99%         3
 Teleport Other           Tloc           0%         N/A       99%         3


Dungeon Overview and Level Annotations

Branches:
Dungeon (4/15)
 Temple: D:4-7

Altars:


Innate Abilities, Weirdness & Mutations

You have a pair of horns on your head.
You reflexively headbutt those who attack you in melee.


Message History

You feel stronger. You block the hobgoblin's attack.
You sock the hobgoblin!
You kill the hobgoblin!
A sleepcap comes into view.
The sleepcap releases spores at you.
You are engulfed in a cloud of soporific spores!
You fall asleep.
The sleepcap releases spores at you!!
You wake up.
You are engulfed in a cloud of soporific spores!
You are unaffected.
Unknown command.
Unknown command.
Unknown command.
You are too injured to fight recklessly!
You are too injured to fight recklessly!
You are too injured to fight recklessly!
A sleepcap is nearby!
You are too injured to fight recklessly!
Unknown command.
Unknown command.
You hit the sleepcap but do no damage.
The sleepcap releases spores at you but does no damage.
The sleepcap barely misses you.
You completely miss the sleepcap.
The sleepcap releases spores at you but does no damage.
You hit the sleepcap but do no damage. The sleepcap releases spores at you.
You are engulfed in a cloud of soporific spores!
You fall asleep.
The sleepcap releases spores at you!
You wake up.
* * * LOW HITPOINT WARNING * * *
You are engulfed in a cloud of soporific spores!
You are unaffected.
Unknown command.
Unknown command.
Unknown command.
You sock the sleepcap!
The sleepcap is heavily damaged.
The sleepcap releases spores at you.
You die...

#####
##...##
##8.>.8##
#.......#
#.<.8.<.#
#.......#
##8...8##
##.@.##
##f## #..
#..# ##.#
.# .# ..


You could see a sleepcap.

Vanquished Creatures
  3 adders
  An orc (D:3)
  2 endoplasms (D:2)
  A giant cockroach (D:1)
  2 goblins (D:1)
  6 hobgoblins
  4 jackals (D:1)
  4 kobolds
  6 quokkas
  2 ball pythons (D:1)
  2 frilled lizards
  6 rats
39 creatures vanquished.

Notes
Turn   | Place    | Note
-------+----------+-------------------------------------------
     0 | D:1      | gruber the Minotaur Fighter began the quest for the Orb.
     0 | D:1      | Reached XP level 1. HP: 19/19 MP: 0/0
   142 | D:1      | Reached skill level 3 in Maces & Flails
   217 | D:1      | Reached XP level 2. HP: 26/26 MP: 1/1
   837 | D:1      | Reached skill level 4 in Maces & Flails
  1238 | D:2      | Reached XP level 3. HP: 31/31 MP: 2/2
  1718 | D:3      | You fall into a shaft and drop 1 floor!
  1737 | D:4      | Reached skill level 5 in Maces & Flails
  1762 | D:3      | Reached XP level 4. HP: 39/39 MP: 3/3
  1773 | D:3      | Slain by a sleepcap

Illustrated notes

Levels and vault maps discovered:
D:1:      psy_arrival_radial02, layout_basic, minivault_24
D:2:      layout_loops_ring
D:3:      layout_loops_cross, shapermc_ecumenical_altar_mp_vishouse,
          grunt_ministairs_7, nicolae_twisty_statue_hallways
D:4:      layout_cave_pools, minmay_temple_entry_butterflies,
          minmay_shop_damaged, grunt_ministairs_15

Skill      XL: |  1  2  3 |
---------------+----------+-----
Maces & Flails | 3 4 5 |  5.3
Fighting       | |  3.6
Armour         | |  3.6
Shields        | |  3.6

Action                     |  1- 3 |  4- 6 || total
---------------------------+-------+-------++-------
  Melee: Flail             |    98 |     5 ||   103
         Headbutt          |     9 |       ||     9
 Armour: Scale mail        |    32 |     2 ||    34
  Dodge: Dodged            |    35 |     1 ||    36
  Block: Buckler           |    17 |     1 ||    18

Table legend: (Time is in decaauts)
 A = Elapsed time spent in this place.
 B = Non-inter-level travel time spent in this place.
 C = Inter-level travel time spent in this place.
 D = Time resting spent in this place.
 E = Time spent auto-exploring this place.
 F = Levels seen in this place.
 G = Mean time per level.
                   A        B        C        D        E       F      G
               +--------+--------+--------+--------+--------+-----+--------+
         Total |   1795 |   1725 |     70 |      0 |   1467 |   4 |  448.8 |
       Dungeon |   1795 |   1725 |     70 |      0 |   1467 |   4 |  448.8 |
               +--------+--------+--------+--------+--------+-----+--------+

Top non-repeatable levels by time:
     D:1: 1092 daAuts
     D:2: 587 daAuts
     D:3: 72 daAuts
     D:4: 42 daAuts
